 Dungeon Crawl Stone Soup version 0.21.1-1-g345015f (webtiles) character file.

54 shakethe the Chopper (level 3, 0/29 HPs)
             Began as a Demonspawn Gladiator on Feb 24, 2018.
             Slain by an adder (1 damage)
             ... on level 2 of the Dungeon.
             The game lasted 00:01:02 (965 turns).

shakethe the Chopper (Demonspawn Gladiator)          Turns: 965, Time: 00:01:03

Health: 0/29       AC:  6    Str: 14    XL:     3   Next: 66%
Magic:  3/3        EV: 12    Int: 10    God:
Gold:   35         SH:  0    Dex: 14    Spells: 2/2 levels left

rFire    . . .     SeeInvis .   a - +0 war axe
rCold    . . .     Gourm    .   (no shield)
rNeg     . . .     Faith    .   b - +0 leather armour
rPois    .         Spirit   .   c - +0 helmet
rElec    .         Reflect  .   (no cloak)
rCorr    .         Harm     .   (no gloves)
MR       .....                  (no boots)
Stlth    +.........             (no amulet)
HPRegen  0.09/turn              (no ring)
MPRegen  0.08/turn              (no ring)

@: lethally poisoned (0 -> -2)
A: iridescent scales 1
a: no special abilities


You were on level 2 of the Dungeon.
You were not hungry.

You visited 1 branch of the dungeon, and saw 2 of its levels.

You collected 35 gold pieces.

Inventory:

Hand Weapons
 a - a +0 war axe (weapon)
Missiles
 d - 3 throwing nets {=f, !d}
Armour
 b - a +0 leather armour (worn)
 c - a +0 helmet (worn)
 j - a +0 buckler
   (You found it on level 2 of the Dungeon)
Scrolls
 h - a scroll of enchant armour {unknown}
Potions
 e - a potion of heal wounds {unknown}
 g - a potion of mutation {unknown}
 i - a potion of agility {unknown}
Comestibles
 f - 2 rations


   Skills:
 + Level 3.1 Fighting
 + Level 3.5 Axes
 - Level 1.7 Throwing
 - Level 2.6 Dodging


You had 2 spell levels left.
You didn't know any spells.

Dungeon Overview and Level Annotations

Branches:
Dungeon (2/15)

Altars:


Innate Abilities, Weirdness & Mutations

You are partially covered in iridescent scales. (AC +2)


Message History

You kill the hobgoblin!
No target in view!
A quokka comes into view.
The quokka bites you.
The quokka twitches its whiskers.
The quokka completely misses you.
You take 1 damage, and have 28/29 hp.
You hit the quokka. The quokka closely misses you.
You closely miss the quokka.
The quokka twitches its whiskers.
The quokka closely misses you. The quokka misses you.
You barely miss the quokka. The quokka bites you.
You take 2 damage, and have 26/29 hp.
You hit the quokka but do no damage. The quokka barely misses you.
The quokka bites you.
A leopard gecko comes into view.
You take 3 damage, and have 23/29 hp.
There are monsters nearby!
You barely miss the quokka.
The leopard gecko hisses angrily.
The quokka bites you but does no damage.
You hit the quokka. The quokka bites you. x2
You take 7 damage, and have 16/29 hp.
MASSIVE DAMAGE!!
You barely miss the quokka. The quokka bites you.
The quokka closely misses you.
You take 3 damage, and have 14/29 hp.
You closely miss the quokka. The quokka closely misses you. x2
You hit the quokka.
You kill the quokka!
The leopard gecko bites you.
You take 2 damage, and have 12/29 hp.
You hit the leopard gecko but do no damage.
The leopard gecko closely misses you.
The leopard gecko bites you but does no damage.
The leopard gecko bites you.
You take 3 damage, and have 9/29 hp.
You closely miss the leopard gecko. The leopard gecko barely misses you.
The leopard gecko bites you.
* * * LOW HITPOINT WARNING * * *
You take 2 damage, and have 7/29 hp.
You barely miss the leopard gecko. The leopard gecko barely misses you.
You miss the leopard gecko. The leopard gecko barely misses you.
The leopard gecko bites you.
* * * LOW HITPOINT WARNING * * *
You take 5 damage, and have 3/29 hp.
You slash the leopard gecko!
You kill the leopard gecko!
You see here a leopard gecko corpse.
There is a stone staircase leading up here.
You start resting.
Health restored: 29 You see here a leopard gecko skeleton.
You see here a quokka skeleton.
You see here a buckler.
j - a buckler
Found a stone staircase leading up.
An adder comes into view.
The adder hisses angrily.
The adder barely misses you.
You closely miss the adder. The adder bites you.
You are poisoned.
The adder poisons you! The adder barely misses you.
You take 3 damage, and have 26/29 hp.
You closely miss the adder.
You feel sick. The adder closely misses you. x2
You take 1 damage, and have 25/29 hp.
You barely miss the adder. The adder bites you.
You take 2 damage, and have 23/29 hp.
You miss the adder.
You feel sick. The adder bites you. The adder closely misses you.
You take 4 damage, and have 19/29 hp.
You closely miss the adder. The adder bites you but does no damage.
The adder closely misses you.
You closely miss the adder. The adder bites you.
You are more poisoned.
The adder poisons you! The adder closely misses you.
You take 5 damage, and have 14/29 hp.
You closely miss the adder.
You feel sick. The adder closely misses you.
You take 1 damage, and have 13/29 hp.
You hit the adder.
You feel sick. The adder barely misses you. x2
You take 1 damage, and have 12/29 hp.
You hit the adder but do no damage. The adder bites you but does no damage.
The adder barely misses you.
You barely miss the adder.
You feel sick. The adder barely misses you. The adder bites you.
You take 2 damage, and have 10/29 hp.
You hit the adder.
You feel sick. The adder misses you.
You take 1 damage, and have 9/29 hp.
You hit the adder. The adder bites you but does no damage.
The adder closely misses you.
You hit the adder but do no damage.
You feel sick. The adder barely misses you. The adder bites you.
* * * LOW HITPOINT WARNING * * *
You closely miss the adder. The adder barely misses you. The adder misses you.
You barely miss the adder. The adder bites you.
* * * LOW HITPOINT WARNING * * *
You miss the adder.
* * * LOW HITPOINT WARNING * * *
You feel sick. The adder barely misses you. The adder bites you.
You die...

#### ..# #.# #
#.######<###
#........).#
#...@S.....#
#..........#
#..........#
###..........#
#............#####
#.##..............
#.##..............
#................
####.........#


You could see an adder.

Vanquished Creatures
  A gnoll (D:1)
  3 dart slugs (D:1)
  2 leopard geckos
  A ball python (D:1)
  3 bats (D:1)
  A giant cockroach (D:1)
  3 goblins (D:1)
  4 hobgoblins
  4 jackals (D:1)
  5 kobolds (D:1)
  A quokka (D:2)
  4 frilled lizards (D:1)
32 creatures vanquished.

Notes
Turn   | Place    | Note
-------+----------+-------------------------------------------
     0 | D:1      | shakethe the Demonspawn Gladiator began the quest for the Orb.
     0 | D:1      | Reached XP level 1. HP: 16/16 MP: 1/1
    91 | D:1      | Reached skill level 3 in Axes
    91 | D:1      | Gained mutation: You are partially covered in iridescent scales. (AC +2) [demonic ancestry]
    91 | D:1      | Reached XP level 2. HP: 22/23 MP: 2/2
   174 | D:1      | Reached XP level 3. HP: 28/28 MP: 3/3
   211 | D:1      | Reached skill level 3 in Fighting
   632 | D:2      | HP: 7/29 [leopard gecko (2)]
   634 | D:2      | HP: 3/29 [leopard gecko (5)]
   962 | D:2      | HP: 6/29 [adder (3)]
   964 | D:2      | HP: 2/29 [adder (4)]
   965 | D:2      | Slain by an adder

Skill      XL: |  1  2  3 |
---------------+----------+-----
Axes           | 3 |  3.5
Fighting       | 3 |  3.1
Throwing       | |  1.7
Dodging        | |  2.6

Action                   || total
-------------------------++-------
Melee: War axe           ||   115
 Stab: Sleeping          ||     1
Armor: Leather armour    ||    42
Dodge: Dodged            ||   113

Vault maps used:
D:1:      minmay_arrival_arboretum_small, serial_bayou_pond_d
D:2:      first_ration

Table legend:
 A = Turns spent in this place as a percentage of turns spent in the entire game.
 B = Non-inter-level travel turns spent in this place as a percentage of non-inter-level travel turns spent in the entire game.
 C = Inter-level travel turns spent in this place as a percentage of turns spent in this place.
 D = Turns resting spent in this place as a percentage of non-inter-level travel turns spent in this place.
 E = Turns spent auto-exploring this place as a percentage of non-inter-level travel turns spent in this place.
 F = Non-inter-level travel turns spent in this place divided by the number of levels of this place that you've seen.
                   A       B       C       D       E      F
               +-------+-------+-------+-------+-------+----------------------
         Total | 100.0 | 100.0 |   0.3 |  30.0 |  46.4 | 481.0
       Dungeon | 100.0 | 100.0 |   0.3 |  30.0 |  46.4 | 481.0
               +-------+-------+-------+-------+-------+----------------------

Table legend:
 A = Kills in this place as a percentage of kills in entire the game.
 B = Kills by you in this place as a percentage of kills by you in the entire game.
 C = Kills by friends in this place as a percentage of kills by friends in the entire game.
 D = Other kills in this place as a percentage of other kills in the entire game.
 E = Experience gained in this place as a percentage of experience gained in the entire game.
 F = Experience gained in this place divided by the number of levels of this place that you have seen.
                   A       B       C       D       E      F
               +-------+-------+-------+-------+-------+----------------------
         Total | 100.0 | 100.0 |   N/A |   N/A | 100.0 |  39.0
       Dungeon | 100.0 | 100.0 |   N/A |   N/A | 100.0 |  39.0
               +-------+-------+-------+-------+-------+----------------------
